 Dungeon Crawl Stone Soup version 0.17-a0-1582-ge6b0260 (webtiles) character file.

119 karlkraus the Covered (level 4, -4/41 HPs)
             Began as a Minotaur Fighter on July 27, 2015.
             Was an Initiate of Okawaru.
             Succumbed to an orc's poison
             ... on level 3 of the Dungeon.
             The game lasted 00:03:41 (1660 turns).

karlkraus the Covered (Minotaur Fighter)            Turns: 1660, Time: 00:03:42

Health: -4/41      AC:  7    Str: 21    XL:     4   Next: 74%
Magic:  3/3        EV:  8    Int:  5    God:    Okawaru [......]
Gold:   153        SH:  9    Dex: 10    Spells: 0 memorised, 3 levels left

rFire  . . .     SeeInvis .     a - +0 long sword
rCold  . . .     Clarity  .     b - +0 scale mail
rNeg   . . .     SustAt   .     c - +0 shield
rPois  .         Gourm    .     (helmet restricted)
rElec  .         Spirit   .     (no cloak)
rCorr  .         Warding  .     (no gloves)
rMut   .         Stasis   .     (no boots)
MR     .....                    (no amulet)
Stlth  ..........               (no ring)
                                (no ring)

@: lethally poisoned (-4 -> -50), not resistant to hostile enchantments,
extremely unstealthy
A: retaliatory headbutt, horns 2
a: Renounce Religion


You were on level 3 of the Dungeon.
You worshipped Okawaru.
Okawaru was noncommittal.
You were hungry.

You visited 1 branch of the dungeon, and saw 3 of its levels.

You collected 153 gold pieces.

Inventory:

Hand weapons
 a - a +0 long sword (weapon)
Armour
 b - a +0 scale mail (worn)
 c - a +0 shield (worn)
Scrolls
 f - 2 scrolls of magic mapping {unknown}
 g - 4 scrolls of identify {unknown}
 i - a scroll of fear {unknown}
 k - a scroll of blinking {unknown}
 l - a scroll of remove curse {unknown}
 o - a scroll of enchant weapon {unknown}
 q - 2 scrolls of teleportation {unknown}
 t - 2 scrolls of amnesia {unknown}
 v - a scroll of recharging {unknown}
Potions
 d - a potion of might
 h - a potion of haste {unknown}
 j - 2 potions of magic {unknown}
 m - a potion of lignification {unknown}
 r - 2 potions of invisibility {unknown}
 s - a potion of cancellation {unknown}
 u - a potion of curing {unknown}
 w - a potion of cure mutation {unknown}
Comestibles
 e - a bread ration
 n - 2 meat rations
 p - a beef jerky


   Skills:
 + Level 4.4 Fighting
 + Level 2.9 Long Blades
 + Level 4.6 Armour
 + Level 1.6 Dodging
 + Level 0.3 Stealth
 + Level 4.4 Shields


You had 3 spell levels left.
You didn't know any spells.

Dungeon Overview and Level Annotations

Branches:
Dungeon (3/15)

Altars:
Okawaru
Sif Muna
Xom


Innate Abilities, Weirdness & Mutations

You reflexively headbutt those who attack you in melee.
You have a pair of horns on your head.


Message History

* * * LOW HITPOINT WARNING * * *
You feel very sick. You block the orc's attack.
The orc hits you but does no damage.
You are more poisoned.
You barely miss the orc.
* * * LOW HITPOINT WARNING * * *
You feel very sick.
The orc hits you with a dagger of venom.
* * * LOW HITPOINT WARNING * * *
You are more poisoned.
You are feeling hungry.
You hit the orc.
The orc is moderately wounded.
* * * LOW HITPOINT WARNING * * *
You feel very sick. The orc hits you but does no damage.
You are more poisoned.
You hit the orc but do no damage.
The orc is moderately wounded.
You die...

#### .. #... #.. #... .###..
#... ......#### ########...
.......)o# #..........
......>>@######..........
.......)......)..........
.........######..........
######.## #######.... #..##
#######..[... ############..#
#............
#.........†##.###.#####.###.#
#..................# #.##...
#..........###.###.# #.#....


You could see an orc.

Vanquished Creatures
  A gnoll (D:1)
  6 adders
  An ooze (D:2)
  A worm (D:3)
  A giant gecko (D:1)
  4 orcs (D:3)
  A ball python (D:1)
  4 giant cockroaches
  7 goblins
  2 hobgoblins
  5 kobolds
  10 bats
  3 giant newts (D:1)
  A rat (D:2)
47 creatures vanquished.

Notes
Turn   | Place    | Note
--------------------------------------------------------------
     0 | D:1      | karlkraus the Minotaur Fighter began the quest for the Orb.
     0 | D:1      | Reached XP level 1. HP: 19/19 MP: 0/0
   276 | D:1      | Reached XP level 2. HP: 24/27 MP: 1/1
   335 | D:1      | Reached skill level 4 in Fighting
   887 | D:2      | Reached XP level 3. HP: 33/33 MP: 2/2
   999 | D:2      | Found an iron altar of Okawaru.
  1011 | D:2      | Became a worshipper of Warmaster Okawaru
  1139 | D:2      | Reached skill level 1 in Dodging
  1208 | D:2      | Reached XP level 4. HP: 33/40 MP: 3/3
  1392 | D:3      | Found a deep blue altar of Sif Muna.
  1392 | D:3      | Found a shimmering altar of Xom.
  1423 | D:3      | Found a faded altar to an unknown god.
  1659 | D:3      | HP: 1/41 [poisoned by an orc]
  1660 | D:3      | Succumbed to an orc's poison

Vault maps used:
D:1:      minmay_arrival_nine_rooms, minmay_misc_feat_cross, st_stairs_14
D:2:      lemuel_round_altar, kennysheep_generic_room_8
D:3:      gammafunk_temple_overflow_wave, ecumenical_altar_2,
          trog_three_pillars_becter

Action                   |  1- 3 |  4- 6 || total
-------------------------+-------+-------++-------
Melee: Long sword        |    64 |    43 ||   107
  Eat: Chunk             |       |     2 ||     2
